 Dungeon Crawl Stone Soup version 0.31-a0-675-g238779eb0a (webtiles) character file.

Game seed: 3648467405567779585

770 lunkers the Martial Artist (level 8, -2/59 HPs)
             Began as a Meteoran Shapeshifter on Sept 5, 2023.
             Was an Initiate of Okawaru.
             Slain by Maggie
             ... wielding a +1 halberd of flaming
              (12 damage)
             ... on level 6 of the Dungeon.
             The game lasted 00:04:43 (1908 turns).

lunkers the Martial Artist (Meteoran Shapeshifter)  Turns: 1908, Time: 00:04:43

Health: -2/59      AC:  6    Str: 15    XL:     8   Next: 31%
Magic:  9/9        EV: 10    Int: 12    God:    Okawaru [......]
Gold:   143        SH:  0    Dex: 16    Spells: 7/7 levels left

rFire   . .          .
                       - Unarmed
rCold   . . .        (no shield)
rNeg    . . .        l - +0 scale mail
rPois   .            (helmet currently unavailable)
rElec   .            (cloak currently unavailable)
rCorr   .            (gloves currently unavailable)
SInv    +            (boots currently unavailable)
Will    +....        (no amulet) Stlth
                     r - ring of see invisible
HPRegen 0.29/turn    (no ring)
MPRegen 0.11/turn

%: no passive effects
@: beast-form, mesmerised, glowing
A: beast (slay +3), sense surroundings 1, otherworldly, glowing, explore regen
a: Begin Untransformation, Renounce Religion


You were on level 6 of the Dungeon.
You worshipped Okawaru.
Okawaru was noncommittal.
You were a hulking beast.
You visited 2 branches of the dungeon, and saw 7 of its levels.
You also visited: Sewer.

You collected 143 gold pieces.

Inventory:

Missiles
 s - a throwing net
Armour
 j - a +0 pair of boots
 l - a +0 scale mail (worn)
Jewellery
 r - a ring of see invisible (left hand)
Talismans
 c - a beast talisman (active)
 d - a flux talisman
Wands
 m - a wand of flame (23)
Scrolls
 a - a scroll of amnesia
 g - 2 scrolls of revelation
 h - 3 scrolls of fear
Potions
 b - a potion of lignification
 e - a potion of curing
 f - 2 potions of might
 i - 3 potions of cancellation
 k - a potion of ambrosia
 n - a potion of mutation
 o - a potion of invisibility
 q - a potion of heal wounds
 t - a potion of berserk rage


   Skills:
 - Level 1.1 Fighting
 - Level 2.1 Dodging
 * Level 9.0 Unarmed Combat
 + Level 6.4 Shapeshifting


You had 7 spell levels left.
You didn't know any spells.
Your spell library contained the following spells:

 Spells                   Type           Power      Damage    Failure   Level
 Apportation              Tloc           0%         N/A       80%         1
 Dazzling Flash           Conj/Hex       0%         N/A       99%         3
 Portal Projectile        Hex/Tloc       0%         N/A       99%         3
 Leda's Liquefaction      Hex/Erth       0%         N/A       100%        4
 Agony                    Necr           0%         N/A       100%        5
 Alistair's Intoxication  Tmut/Pois      0%         N/A       100%        5
 Silence                  Hex/Air        0%         N/A       100%        5
 Call Canine Familiar     Summ           Unusable   N/A       N/A         3

Dungeon Overview and Level Annotations

Branches:
Dungeon (6/15) Zot: 2011   Temple (1/1) D:5 Zot: 458   Sewer (visited)

Altars:
Ashenzari
Dithmenos
Fedhas
Gozag
Hepliaklqana
Makhleb
Nemelex Xobeh
Okawaru
Qazlal
Ru
Sif Muna
Trog
Vehumet
Wu Jian
Xom
Yredelemnul
Zin
The Shining One

Annotations:
D:6 Maggie


Innate Abilities, Weirdness & Mutations

You are a hulking beast.
Your limbs bulge with bestial killing power. (Slay +3)
You passively map a small area around you.
You are easily found by Zot.
You glow in the dark.
You regain HP and MP as you explore.


Message History

You closely miss Maggie.
Maggie is heavily wounded.
Maggie casts a spell.
Maggie attempts to bespell you!
You are mesmerised by Maggie!
You closely miss Maggie.
Maggie is heavily wounded.
Maggie points at you and mumbles some strange words.
The bolt of fire hits you!
* * * LOW HITPOINT WARNING * * *
You barely miss Maggie.
Maggie is heavily wounded.
Maggie gestures at you while chanting. The bolt of fire misses you.
You hit Maggie.
Maggie is heavily wounded.
You hit Maggie.
Maggie is heavily wounded.
Maggie hits you with a +1 halberd of flaming!
* * * LOW HITPOINT WARNING * * *
Maggie burns you.
* * * LOW HITPOINT WARNING * * *
You hit Maggie.
Maggie is severely wounded.
Maggie hits you with a +1 halberd of flaming.
* * * LOW HITPOINT WARNING * * *
Maggie burns you.
* * * LOW HITPOINT WARNING * * *
You hit Maggie.
Maggie is severely wounded.
Maggie hits you with a +1 halberd of flaming.
* * * LOW HITPOINT WARNING * * *
Maggie burns you.
* * * LOW HITPOINT WARNING * * *
Unknown command.
Okay, then.
You hit Maggie.
Maggie is severely wounded.
Maggie hits you with a +1 halberd of flaming!
You die...

* * .# * ... *
,#.#,# * *
#.#.# , #.#$#
, , , *,.... *
#.#.####.##
#....@h...# ,*
,* #.######..#
*, #.######..#
......)...#
,*#.######..#
** #.# #.## ,
, * #.#### #.#
*
#.###.##.###.#
#.....<.#.##.#


You could see Maggie (mesmerising).

Vanquished Creatures
  Sigmund (D:4)
  A water moccasin (Sewer)
  An ogre (D:5)
  2 bullfrogs
  2 hounds (D:5)
  3 orc wizards (D:5)
  3 gnolls (D:5)
  3 adders
  A white imp (D:5)
  2 worms
  2 dart slugs
  9 orcs
  6 endoplasms
  A giant cockroach (D:1)
  4 goblins
  4 hobgoblins
  2 jackals (Sewer)
  6 quokkas
  4 ball pythons
  6 bats (D:3)
  A frilled lizard (D:3)
  12 kobolds
  5 rats
81 creatures vanquished.

Notes
Turn   | Place    | Note
-------+----------+-------------------------------------------
     0 | D:1      | lunkers the Meteoran Shapeshifter began the quest for the
                  | Orb.
     0 | D:1      | Reached XP level 1. HP: 16/16 MP: 2/2
    99 | D:1      | Found a faded altar of an unknown god.
   110 | D:1      | Reached XP level 2. HP: 23/23 MP: 3/3
   131 | D:1      | Reached skill level 4 in Unarmed Combat
   215 | D:1      | Reached XP level 3. HP: 21/28 MP: 4/4
   519 | D:2      | Reached XP level 4. HP: 35/35 MP: 5/5
   615 | D:3      | Found a glowing drain.
   626 | D:3      | Reached skill level 5 in Unarmed Combat
   652 | Sewer    | Entered a sewer
   714 | Sewer    | Noticed a water moccasin
   728 | Sewer    | Killed a water moccasin
   729 | Sewer    | Reached skill level 6 in Unarmed Combat
   729 | Sewer    | Reached XP level 5. HP: 31/40 MP: 6/6
   729 | Sewer    | Reached XP level 6. HP: 36/47 MP: 7/7
  1084 | D:4      | Noticed Sigmund
  1085 | D:4      | Reached skill level 5 in Shapeshifting
  1101 | D:4      | Killed Sigmund
  1102 | D:4      | Reached skill level 7 in Unarmed Combat
  1102 | D:4      | Reached XP level 7. HP: 37/52 MP: 8/8
  1282 | D:5      | Entered Level 5 of the Dungeon
  1418 | D:5      | Found a glowing golden altar of the Shining One.
  1431 | D:5      | Reached skill level 8 in Unarmed Combat
  1443 | D:5      | Found a staircase to the Ecumenical Temple.
  1459 | Temple   | Entered the Ecumenical Temple
  1532 | Temple   | Became a worshipper of Warmaster Okawaru
  1662 | D:5      | Reached XP level 8. HP: 59/59 MP: 9/9
  1887 | D:6      | Reached skill level 9 in Unarmed Combat
  1894 | D:6      | Noticed Maggie
  1908 | D:6      | Slain by Maggie

Illustrated notes

Levels and vault maps discovered:
D:1:      lightli_arrival_quake, layout_rooms, chequers_ecumenical_altar_simple
D:2:      layout_basic
D:3:      layout_basic, slow_altar_2, cheibrodos_sewer_entry_sluice,
          amcnicky_mini_rare_corridor_liquid
D:4:      layout_basic, uniq_sigmund
D:5:      layout_rooms, mainiacjoe_overflow_chevrons,
          mainiacjoe_overflow_two_lobes, nicolae_titane
D:6:      layout_loops_ring, uniq_maggie
Temple:   minmay_temple_bridge_d

Skill      XL: |  1  2  3  4  5  6  7  8 |
---------------+-------------------------+-----
Unarmed Combat | 4 6 7 8 9 |  9.0
Shapeshifting  | 4 5 6 |  6.4
Fighting       | |  1.1
Dodging        | |  2.1

Action                     |  1- 3 |  4- 6 |  7- 9 || total
---------------------------+-------+-------+-------++-------
  Melee: Unarmed           |    60 |    86 |   100 ||   246
         Punch             |     2 |       |     5 ||     7
    Use: Potion            |       |     1 |       ||     1
         Scroll            |       |     7 |     8 ||    15
 Armour: Animal skin       |    16 |       |       ||    16
         Scale mail        |    12 |    58 |    65 ||   135
         Skin              |       |     8 |       ||     8
  Dodge: Dodged            |    29 |    36 |    40 ||   105

Table legend: (Time is in decaauts)
 A = Elapsed time spent in this place.
 B = Non-inter-level travel time spent in this place.
 C = Inter-level travel time spent in this place.
 D = Time resting spent in this place.
 E = Time spent auto-exploring this place.
 F = Levels seen in this place.
 G = Mean time per level.
                   A        B        C        D        E       F      G
               +--------+--------+--------+--------+--------+-----+--------+
         Total |   1896 |   1737 |    159 |     26 |   1117 |   8 |  237.0 |
       Dungeon |   1588 |   1566 |     22 |      0 |   1035 |   6 |  264.7 |
        Temple |    141 |      4 |    137 |      0 |      0 |   1 |  141.0 |
         Sewer |    167 |    167 |      0 |     26 |     81 |   1 |  167.0 |
               +--------+--------+--------+--------+--------+-----+--------+

Top non-repeatable levels by time:
     D:5: 437 daAuts
     D:1: 336 daAuts
     D:3: 277 daAuts
     D:4: 267 daAuts
     D:2: 236 daAuts
   Sewer: 167 daAuts
  Temple: 141 daAuts
     D:6: 34 daAuts
